 Dungeon Crawl Stone Soup version 0.26-a0-52-gd53d4cd (webtiles) character file.

Game seed: 17201425833766260379

425 Faca the Skirmisher (level 7, -7/57 HPs)
             Began as a Human Fighter on June 6, 2020.
             Mangled by an orc warrior
             ... wielding a +0 halberd
              (17 damage)
             ... on level 4 of the Dungeon.
             The game lasted 00:06:16 (3626 turns).

Faca the Skirmisher (Human Fighter)                 Turns: 3626, Time: 00:06:16

Health: -7/57      AC: 11    Str: 18    XL:     7   Next: 18%
Magic:  7/7        EV:  4    Int:  9    God:
Gold:   113        SH: 10    Dex: 12    Spells: 6/6 levels left

rFire    . . .     SeeInvis .   d - +8 mace (drain)
rCold    . . .     Gourm    .   c - +1 kite shield
rNeg     . . .     Faith    .   m - +0 chain mail
rPois    .         Spirit   .   i - +0 helmet
rElec    .         Reflect  .   (no cloak)
rCorr    .         Harm     .   o - +0 pair of gloves
MR       .....                  (no boots)
Stlth    ..........             (no amulet)
HPRegen  0.19/turn              (no ring)
MPRegen  0.10/turn              (no ring)

@: no status effects
A: no striking features
a: no special abilities


You were on level 4 of the Dungeon.
You were not hungry.

You visited 1 branch of the dungeon, and saw 4 of its levels.

You collected 113 gold pieces.

Inventory:

Hand Weapons
 d - a +8 mace of draining (weapon)
Missiles
 a - 2 javelins
 b - 5 boomerangs (quivered)
Armour
 c - a +1 kite shield (worn)
 i - a +0 helmet (worn)
 m - a +0 chain mail (worn)
 o - a +0 pair of gloves (worn)
Wands
 k - a wand of paralysis (8)
Scrolls
 h - 3 scrolls of remove curse
 p - 3 scrolls of blinking {unknown}
Potions
 e - 2 potions of curing
 g - 2 potions of mutation {unknown}
 l - a potion of degeneration {unknown}
 n - a potion of brilliance {unknown}
 q - a potion of lignification {unknown}
 r - a potion of might
Comestibles
 f - 8 rations


   Skills:
 + Level 5.7 Fighting
 + Level 5.2 Maces & Flails
 - Level 3.0 Armour
 - Level 3.0 Shields


You had 6 spell levels left.
You didn't know any spells.
Your spell library was empty.

Dungeon Overview and Level Annotations

Branches:
Dungeon (4/15)
 Temple: D:4-7

Altars:
Elyvilon
Nemelex Xobeh
Sif Muna
Vehumet
Zin


Message History

You block the orc wizard's attack.
You hear a howl!
You closely miss the orc wizard.
The orc wizard is severely wounded.
You block the orc wizard's attack.
The howler monkey hoots and howls with incredible vigour!
The orc wizard hits you but does no damage.
You sock the orc wizard!
You kill the orc wizard!
Your chain mail prevents you from hitting the howler monkey.
The howler monkey hits you.
The orc warrior hits you from afar with a +0 halberd!
* * * LOW HITPOINT WARNING * * *
You block the howler monkey's attack.
You completely miss the howler monkey. You block the howler monkey's attack.
The orc warrior barely misses you.
Your shield and chain mail prevent you from hitting the howler monkey.
You block the howler monkey's attack.
The orc warrior hits you from afar with a +0 halberd!
You die...

### #####.# ......# ###
#####.# #.. #.# #.# #.#
#.# #.# #.# #.# #@#
#####.#### #h#
#........# #o# #
#........#######.#.####
................†)......
#.........#####.........
..###'###.# #......#..
..# #.# #.# #......# #.#
#.# #.# #........


You could see an orc warrior and a howler monkey.

Vanquished Creatures
  An ogre (D:4)
  Blork the orc (D:4)
  A bullfrog skeleton (D:4)
  2 orc wizards (D:4)
  Terence (D:2)
  A worker ant zombie (D:4)
  Robin (D:2)
  4 adders
  A howler monkey skeleton (D:4)
  An adder skeleton (D:4)
  A worm (D:3)
  2 leopard geckos
  8 orcs
  A ball python (D:3)
  6 bats
  3 giant cockroaches
  12 goblins
  7 hobgoblins
  5 jackals (D:4)
  6 frilled lizards
  8 kobolds
  11 rats
84 creatures vanquished.

Notes
Turn   | Place    | Note
-------+----------+-------------------------------------------
     0 | D:1      | Faca the Human Fighter began the quest for the Orb.
     0 | D:1      | Reached XP level 1. HP: 18/18 MP: 1/1
   372 | D:1      | Reached XP level 2. HP: 18/24 MP: 2/2
  1026 | D:2      | Noticed Robin
  1077 | D:1      | Reached XP level 3. HP: 19/29 MP: 3/3
  1210 | D:2      | Killed Robin
  1296 | D:2      | Reached XP level 4. HP: 34/37 MP: 4/4
  1556 | D:2      | Found a glowing silver altar of Zin.
  1593 | D:2      | Noticed Terence
  1600 | D:2      | Killed Terence
  1818 | D:2      | Found a radiant altar of Vehumet.
  2159 | D:3      | Found a white marble altar of Elyvilon.
  2342 | D:3      | Reached XP level 5. HP: 42/42 MP: 5/5
  2363 | D:3      | Found a sparkling altar of Nemelex Xobeh.
  2965 | D:3      | Found a shimmering blue altar of Sif Muna.
  2995 | D:4      | Noticed an ogre
  3003 | D:4      | Killed an ogre
  3003 | D:4      | Reached XP level 6. HP: 19/50 MP: 6/6
  3004 | D:4      | Reached skill level 5 in Fighting
  3603 | D:4      | Noticed Blork the orc
  3609 | D:4      | Noticed an orc warrior
  3610 | D:4      | Killed Blork the orc
  3610 | D:4      | Reached skill level 5 in Maces & Flails
  3610 | D:4      | Reached XP level 7. HP: 48/56 MP: 7/7
  3626 | D:4      | Mangled by an orc warrior

Illustrated notes

Levels and vault maps discovered:
D:1:      minmay_arrival_jagged, layout_loops_cross
D:2:      layout_basic, lemuel_crystal_altar, zin_academy, minmay_hexomino_f4,
          uniq_terence, uniq_robin
D:3:      layout_basic, old_standard_altar, lemuel_round_altar,
          hangedman_feature_mirror, lemuel_blue_sif_altar
D:4:      layout_basic, first_ration, grunt_dithmenos_smoke, uniq_blork_the_orc

Skill      XL: |  1  2  3  4  5  6 |
---------------+-------------------+-----
Maces & Flails | 3 4 5 |  5.2
Fighting       | 4 5 |  5.7
Armour         | |  3.0
Shields        | |  3.0

Action                   |  1- 3 |  4- 6 |  7- 9 || total
-------------------------+-------+-------+-------++-------
Melee: Flail             |    76 |    24 |       ||   100
       Mace              |       |   103 |    13 ||   116
Throw: Javelin           |       |     2 |       ||     2
  Use: Scroll            |     2 |     7 |       ||     9
       Potion            |       |     1 |       ||     1
  Eat: Chunk             |     1 |     8 |       ||     9
Armor: Scale mail        |    33 |    13 |       ||    46
       Chain mail        |       |    63 |     2 ||    65
Dodge: Dodged            |    33 |    29 |     1 ||    63
Block: Kite shield       |    41 |    65 |    14 ||   120

Table legend:
 A = Non-vault XP
 B = Vault XP
 C = Vault XP percentage of total XP
 D = Non-vault monster count
 E = Vault monster count
 F = Vault count percentage of total count
                 A         B        C        D         E       F
            +---------+---------+-------+---------+---------+-------
      Total |     435 |     173 |  28.5 |      69 |      15 |  17.9
            +---------+---------+-------+---------+---------+-------
        D:1 |      18 |       6 |  25.0 |      13 |       3 |  18.8
        D:2 |      32 |      67 |  67.7 |      13 |      11 |  45.8
        D:3 |      60 |       0 |   0.0 |      24 |       0 |   0.0
        D:4 |     325 |     100 |  23.5 |      19 |       1 |   5.0
            +---------+---------+-------+---------+---------+-------
